 Dungeon Crawl Stone Soup version 0.15-a0-1224-g3833f9c (webtiles) character file.

943975 Herrn the Grand Master (level 27, -5/221 HPs)
             Began as a Vine Stalker Monk on May 30, 2014.
             Was the Champion of Cheibriados.
             Killed by divine providence
             ... invoked by a greater mummy
              (11 damage)
             ... on Level 1 of the Tomb of the Ancients on June 2, 2014.
             The game lasted 13:14:26 (84661 turns).

Herrn the Grand Master (Vine Stalker Monk)         Turns: 84661, Time: 13:14:26

HP  -5/221       AC 25     Str 28 (31) XL: 27
MP   0/45        EV 48     Int 18 (20) God: Cheibriados [******]
Gold 3157        SH 63     Dex 45 (47) Spells: 11 memorised,  0 levels left

rFire  + + +     SeeInvis +       - Unarmed
rCold  + + +     Clarity  +     G - +3 fire dragon armour of the Good {+Fly rF++ rC- Stlth+}
rNeg   + + +     rCorr    .     C - +6 large shield of Ignorance {rN+ AC+2 EV+2 Int-6 Curse}
rPois  .         rRot     +     q - +2 helmet {rC+} (curse)
rElec  +         Spirit   +     h - +0 cloak of Starlight {rElec rC+ EV+4 Stlth-}
SustAb .         Warding  .     X - +2 pair of gloves {Dex+3} (curse)
rMut   .         Stasis   .     S - +0 pair of boots of Bedevilment {Int+4 Dam+5}
Gourm  .                        y - cursed amulet of the Four Winds {Clar rN+ MR+++}
MR     +++++                    k - cursed ring "Waeterur" {+Fly rF+ rC++}
                                a - cursed ring of Shadows {Umbra +Inv rN+ SInv}

@: about to teleport, wreathed by umbra, very slow, almost entirely resistant to
hostile enchantments, unstealthy
A: fangs 3, repulsion field 1, clarity, dopey 1, sense surroundings 1,
regeneration 3, robust 3, wild magic 1, magic shield, antimagic bite, no device
heal 3, rot immunity
a: Bend Time, Temporal Distortion, Slouch, Step From Time, Renounce Religion,
Evoke Invisibility, Evoke Flight
}: 4/15 runes: barnacled, slimy, silver, gossamer


You were on level 1 of the Tomb of the Ancients.
You worshipped Cheibriados.
Cheibriados was exalted by your worship.
You were not hungry.

You visited 13 branches of the dungeon, and saw 63 of its levels.
You visited the Abyss 4 times.
You completed 1 Ziggurat, and saw 27 of its levels.
You also visited: Trove, Bailey, Ice Cave and Wizlab.

You collected 10664 gold pieces.
You spent 7507 gold pieces at shops.

Inventory:

Armour
 h - the cursed +0 cloak of Starlight (worn) {rElec rC+ EV+4 Stlth-}
   (You bought it in a shop on level 2 of the Elven Halls)

   It affects your evasion (+4).
   It protects you from cold.
   It insulates you from electricity.
   It makes you less stealthy.
   It has a curse placed upon it.
 q - a cursed +2 helmet of cold resistance (worn)
 r - the cursed +0 faerie dragon armour {rPois rN+}
   (You took it off the Enchantress on level 5 of the Depths)

   It protects you from poison.
   It protects you from negative energy.
   It has a curse placed upon it.
 C - the cursed +6 large shield of Ignorance (worn) {rN+ AC+2 EV+2 Int-6 Curse}
   (You acquired it on level 23 of a ziggurat)

   It affects your AC (+2).
   It affects your evasion (+2).
   It affects your intelligence (-6).
   It protects you from negative energy.
   It may recurse itself when equipped.
   It has a curse placed upon it.
 F - the cursed +0 robe of the Country {+Blink rF++ Dex+4}
   (You found it on level 27 of a ziggurat)

   It affects your dexterity (+4).
   It greatly protects you from fire.
   It lets you blink.
   It has a curse placed upon it.
 G - the cursed +3 fire dragon armour of the Good (worn) {+Fly rF++ rC- Stlth+}
   (You bought it in a shop on level 4 of the Shoals)

   It greatly protects you from fire.
   It makes you vulnerable to cold.
   It lets you fly.
   It makes you more stealthy.
   It has a curse placed upon it.
 Q - a cursed +2 pair of boots of flying
 R - a cursed +0 gold dragon armour
 S - the cursed +0 pair of boots of Bedevilment (worn) {Int+4 Dam+5}
   (You found it in a treasure trove)

   It affects your intelligence (+4).
   It affects your damage with ranged weapons and melee attacks (+5).
   It has a curse placed upon it.
 X - a cursed +2 pair of gloves of dexterity (worn)
Magical devices
 e - a wand of digging (11)
 i - a wand of digging (5)
 n - a wand of teleportation (2)
 D - a wand of digging (11)
 M - a wand of fireball (4)
 O - a wand of slowing (15)
Comestibles
 l - 5 bread rations
 w - 20 meat rations
Scrolls
 d - 8 scrolls of summoning
 f - 10 scrolls of teleportation
 m - 5 scrolls of fear
 p - 7 scrolls of enchant weapon I
 s - 9 scrolls of enchant weapon II
 t - 19 scrolls of recharging
 u - 5 scrolls of enchant armour
 v - 7 scrolls of holy word
 A - 17 scrolls of remove curse
 H - 4 scrolls of enchant weapon III
 J - a scroll of brand weapon
 L - 9 scrolls of identify
 P - 19 scrolls of blinking
 T - 2 scrolls of fog
 U - 9 scrolls of magic mapping
 Y - 2 scrolls of amnesia
Jewellery
 a - the cursed ring of Shadows (left hand) {Umbra +Inv rN+ SInv}
   (You found it on level 27 of a ziggurat)

   [ring of invisibility]

   It protects you from negative energy.
   It enhances your eyesight.
   It lets you turn invisible.
   It has a curse placed upon it.
 c - the cursed ring "Deter" {rElec rF+ rN+ Acc+4}
   (You found it on level 6 of the Pits of Slime)

   [ring of positive energy]

   It affects your accuracy with ranged weapons and melee attacks (+4).
   It protects you from fire.
   It insulates you from electricity.
   It protects you from negative energy.
   It has a curse placed upon it.
 j - the cursed ring of Cruclewu {+Fly MR++ Str+3}
   (You found it on level 15 of a ziggurat)

   [ring of flight]

   It affects your strength (+3).
   It affects your resistance to hostile enchantments.
   It lets you fly.
   It has a curse placed upon it.
 k - the cursed ring "Waeterur" (right hand) {+Fly rF+ rC++}
   (You found it on level 15 of a ziggurat)

   [ring of flight]

   It protects you from fire.
   It greatly protects you from cold.
   It lets you fly.
   It has a curse placed upon it.
 o - the cursed amulet "Amuoho" {rMut rC+ Str+3 Int+2}
   (You found it on level 26 of a ziggurat)

   [amulet of resist mutation]

   It protects you from mutation.
   It affects your strength (+3).
   It affects your intelligence (+2).
   It protects you from cold.
   It has a curse placed upon it.
 y - the cursed amulet of the Four Winds (around neck) {Clar rN+ MR+++}
   (You found it on level 16 of a ziggurat)

   [amulet of clarity]

   It provides mental clarity.
   It protects you from negative energy.
   It affects your resistance to hostile enchantments.
   It has a curse placed upon it.
 z - the cursed ring of Shaolin {EV+8}
   (You took it off a deep elf summoner on level 3 of the Elven Halls)

   [ring of evasion]

   It affects your evasion (+8).
   It has a curse placed upon it.
 E - the cursed ring of the Middle {rPois rC++ MP+9}
   (You found it on level 5 of the Vaults)

   [ring of magical power]

   It greatly protects you from cold.
   It protects you from poison.
   It affects your magic capacity (+9).
   It has a curse placed upon it.
 I - the cursed amulet "Trityixt" {Clar rF+ rC+ Stlth++}
   (You bought it in a shop on level 2 of the Vaults)

   [amulet of clarity]

   It provides mental clarity.
   It protects you from fire.
   It protects you from cold.
   It makes you much more stealthy.
   It has a curse placed upon it.
Potions
 b - 23 potions of curing
 g - 3 potions of restore abilities
 x - 4 potions of cure mutation
 B - a potion of blood
 N - 9 potions of might
Books
 Z - the Reference Book on Transmutation
   (You found it in a wizard's laboratory)

   Spells                             Type                      Level
   Beastly Appendage                  Transmutation                1
   Sticks to Snakes                   Transmutation                2
   *Passwall                          Transmutation/Earth          3
   Spider Form                        Transmutation/Poison         3
   Ice Form                           Ice/Transmutation            4
   Alistair's Intoxication            Transmutation/Poison         4
   Statue Form                        Transmutation/Earth          6
   Dragon Form                        Transmutation                7
Miscellaneous
 K - a crystal ball of energy


   Skills:
 * Level 25.6 Fighting
 - Level 8.5 Armour
 + Level 24.2 Dodging
 - Level 2.4 Stealth
 - Level 17.0 Shields
 O Level 27 Unarmed Combat
 - Level 16.0 Spellcasting
 - Level 14.7 Translocations
 * Level 21.9 Earth Magic
 - Level 11.4 Invocations
 - Level 3.5 Evocations


You couldn't memorise any spells.
You knew the following spells:

 Your Spells              Type           Power        Failure   Level  Hunger
a - Bolt of Magma         Conj/Fire/Erth ######....   54%         5    ###....
b - Shatter               Erth           #######...   100%        9    #######
c - Leda's Liquefaction   Hex/Erth       ######....   7%          4    None
d - Iron Shot             Conj/Erth      ######....   54%         6    #####..
e - Phase Shift           Tloc           #######...   4%          5    ###....
f - Petrify               Trmt/Erth      ######..     7%          4    None
g - Controlled Blink      Tloc           N/A          71%         7    ######.
h - Lee's Rapid Deconstr  Erth           #######...   1%          5    ###....
i - Stoneskin             Trmt/Erth      ######....   2%          2    None
j - Passwall              Trmt/Erth      ######....   3%          3    None
k - Disjunction           Tloc           #######...   100%        8    #######


Dungeon Overview and Level Annotations

Branches:
Dungeon (15/15)            Temple (1/1) D:4             Orc (4/4) D:12
    Elf (3/3) Orc:3          Lair (8/8) D:8          Shoals (5/5) Lair:6
 Spider (5/5) Lair:5        Slime (6/6) Lair:8       Vaults (5/5) D:13
  Blade (1/1) Vaults:4      Crypt (3/3) Vaults:3       Tomb (2/3) Crypt:3
    Zot (0/5) Depths:5     Depths (5/5) D:15

Altars:
Ashenzari
Cheibriados
Dithmenos
Elyvilon
Fedhas
Gozag
Kikubaaqudgha
Makhleb
Nemelex Xobeh
Okawaru
Qazlal
Sif Muna
Trog
Vehumet
Xom
Yredelemnul
Zin
The Shining One
Beogh
Jiyva
Lugonu

Shops:
D:14 ?   D:15 (   Orc:4 ([*=   Elf:1 (   Elf:2 !([!   Shoals:2 =   Shoals:4 [
Shoals:5 [   Vaults:2 ?=   Vaults:5 ?%!?   Depths:1 (

Portals:
Hell: Depths:1 Depths:2 Depths:3 Depths:4 Depths:5
Abyss: Crypt:2 Depths:1 Depths:4
Pandemonium: Depths:1 Depths:3


Innate Abilities, Weirdness & Mutations

You have razor-sharp teeth.
You regenerate.
When hurt, damage is shared between your health and your magic reserves.
Your bite disrupts and absorbs the magic of your enemies.
Potions and wands cannot restore your health.
You are immune to rotting.
You are surrounded by a mild repulsion field (EV +2).
You possess an exceptional clarity of mind.
You are dopey. (Int -2)
You passively map a small area around you.
You are extremely robust (+30% HP).
Your spells are a little harder to cast, but a little more powerful.


Message History

You feel a surge of unholy energy. You block the greater mummy's attack.
The greater mummy casts a spell.
You punch the ice devil! You bite the ice devil!! You drain its power.
The ice devil is heavily wounded.
You block the ice devil's attack.
The greater mummy falters for a moment.
You closely miss the ice devil. You bite the ice devil!! You drain its power.
The ice devil is severely wounded.
You block the ice devil's attack.
The greater mummy gestures wildly while chanting.
You pulverise the hellwing!!!
You kill the hellwing!
You block the greater mummy's attack.
The greater mummy calls on the powers of darkness!
You feel a surge of unholy energy.
You completely miss the ice devil. You bite the ice devil! You drain its power.
You kill the ice devil!
The greater mummy mumbles some strange words. x2
The greater mummy points at you and mumbles some strange words.
Something smites you!
You die...

..........#..#..#....#, #.......
.............#..##''##, #.......
.............#..#....#, *#.......
.............#..#....# #.......
.............#..#....# #.......
.............#..#....#,, #.......
######################.. #.......
..........WWMMM344......##.......
..........4MM44M@.......##.......
##########################.......
##########################.......
.................................
.................................
.................................
.................................
.................................
#################################


You could see 6 greater mummies, a shadow wraith (invisible), an orange demon, a
hellwing, a chaos spawn, a wraith and 3 red devils.

Vanquished Creatures
  the royal jelly (Slime:6)
  56 pandemonium lords
  5 orbs of fire (Zig:18)
  5 ancient liches
  21 greater mummies
  Norris (Depths:3)
  31 Killer Klowns
  Mennas (Depths:5)
  9 golden dragons
  Jory (Tomb:2)
  the Enchantress (Depths:5)
  Arachne (Spider:2)
  6 bone dragons
  A hellephant (Zig:16)
  16 tentacled monstrosities
  A Hell Sentinel (Zig:26)
  Asterion (Shoals:3)
  2 Ice Fiends
  5 titans
  An azure jelly (shapeshifter) (Zig:20)
  26 acid blobs
  2 quicksilver dragons
  4 deep elf blademasters (Elf:3)
  3 quicksilver dragons (shapeshifter)
  2 deep elf master archers (Elf:3)
  Polyphemus (Shoals:3)
  5 storm dragons
  A storm dragon (shapeshifter) (Zig:25)
  3 Executioners
  10 liches
  9 sphinxes
  2 sphinxes (shapeshifter)
  8 tengu reavers
  5 thorn hunters
  A daeva (Abyss:1)
  Frances (Shoals:1)
  10 shadow dragons
  6 ancient champions
  Kirke (Shoals:3)
  A draconian monk (Zig:4)
  3 revenants (Tomb:1)
  12 tentacled starspawn
  3 shadow dragons (shapeshifter)
  19 azure jellies
  Roxanne (Spider:2)
  Ilsuiw (Shoals:5)
  A fire giant (shapeshifter) (Zig:25)
  A greater naga (Zig:7)
  24 fire giants
  Donald (Shoals:1)
  An iron dragon (shapeshifter) (Zig:20)
  Maud (Lair:7)
  14 orc warlords
  4 ghost moths (Spider:5)
  11 deep elf sorcerers
  2 balrugs (Abyss:1)
  12 iron dragons
  A frost giant (shapeshifter) (Zig:25)
  An emperor scorpion (shapeshifter) (Zig:24)
  14 frost giants
  17 vault wardens
  10 emperor scorpions
  3 cacodemons
  A draconian knight (Zig:4)
  Jorgrun (Shoals:3)
  5 spriggan defenders
  39 stone giants
  2 draconian zealots
  18 reapers
  An angel (Abyss:1)
  9 deep elf demonologists
  10 chaos champions
  3 grey draconians (Depths:5)
  A draconian caller (Depths:5)
  2 green draconians (shapeshifter)
  4 war gargoyles
  An ophan (Abyss:1)
  A grey draconian (shapeshifter) (Zig:25)
  A salamander firebrand (Depths:5)
  A purple draconian (shapeshifter) (Zig:24)
  2 purple draconians (Depths:5)
  A black draconian (shapeshifter) (Zig:24)
  2 red draconians
  A curse skull (Zig:5)
  13 dire elephants
  2 yellow draconians (shapeshifter)
  A white draconian (Abyss:1)
  A mottled draconian (shapeshifter) (Vaults:5)
  3 dire elephants (shapeshifter)
  8 vampire knights
  2 pale draconians (shapeshifter)
  12 deep elf annihilators
  The ghost of ghwc the Grappler, a powerful TrIE of Okawaru (Lair:4)
  22 ettins
  3 eidola
  4 deep elf death magi
  9 death oozes
  2 unborn (Tomb:1)
  3 green deaths
  11 merfolk javelineers
  3 fire dragons (shapeshifter)
  18 yaktaur captains
  21 jiangshi
  A siren (shapeshifter) (Zig:25)
  43 vault guards
  24 fire dragons
  3 quicksilver dragon zombies
  A minotaur (shapeshifter) (Depths:3)
  21 mummy priests
  6 deep elf high priests
  16 great orbs of eyes
  2 minotaurs
  19 ironheart preservers
  8 merfolk impalers
  12 sirens
  6 ice dragons
  Harold (D:13)
  A quicksilver dragon skeleton (Crypt:3)
  14 rakshasas
  5 spriggan air magi
  Nessos (Spider:1)
  Erica (D:10)
  16 hydras
  12 ogre magi
  An alligator snapping turtle (shapeshifter) (Zig:25)
  4 alligators
  3 ravenous feature mimics
  35 large abominations
  16 orc high priests
  An alligator (shapeshifter) (Vaults:4)
  6 thrashing horrors
  16 deep troll shamans
  46 death yaks
  8 deep troll earth magi
  5 hell hogs (Abyss:1)
  9 vampire magi
  A death knight (Abyss:1)
  4 merfolk aquamancers
  5 tengu warriors
  A death yak (shapeshifter) (Zig:24)
  5 titan zombies
  30 dancing weapons
  9 centaur warriors
  A spectral storm dragon (Tomb:1)
  A spectral elf (Elf:3)
  8 spriggan berserkers
  A catoblepas (shapeshifter) (Zig:20)
  2 naga sharpshooters (Zig:7)
  7 shadow wraiths
  29 very ugly things
  9 soul eaters
  Nergalle (D:11)
  3 storm dragon zombies
  6 sea snakes
  2 iron golems
  5 sun demons
  8 wretched stars
  2 death drakes
  57 skeletal warriors
  Erolcha (Orc:1)
  2 catoblepae
  26 deep elf knights
  2 titan skeletons
  5 unseen horrors
  4 fire crabs (Vaults:1)
  3 salamander mystics
  A ghost moth zombie (Crypt:3)
  3 giant orange brains (shapeshifter)
  A storm dragon skeleton (Zig:27)
  14 iron trolls
  8 ice devils
  3 spatial maelstroms
  A deep troll (shapeshifter) (WizLab)
  A spectral anaconda (Tomb:1)
  A naga ritualist (Zig:7)
  6 golden dragon zombies
  9 hill giants
  7 wizards
  2 sea snakes (shapeshifter)
  4 shadow dragon zombies
  A swamp dragon (shapeshifter) (Depths:3)
  6 spriggan druids
  A gelid demonspawn (Depths:3)
  7 giant orange brains
  8 water nymphs
  12 deep elf summoners
  6 hell knights
  6 flayed ghosts
  A golden dragon skeleton (Zig:13)
  2 ice statues
  40 deep trolls
  A hill giant (shapeshifter) (WizLab)
  12 necromancers
  A tengu zombie (Zig:27)
  A lindwurm (shapeshifter) (Zig:20)
  4 swamp dragons (Zig:21)
  Pikel (D:6)
  3 sphinx zombies
  20 orc knights
  21 orb spiders
  A wolf spider zombie (Crypt:1)
  A very ugly thing zombie (Crypt:1)
  20 deep elf conjurers
  18 orc sorcerers
  5 lindwurms
  24 ironbrand convokers
  16 manticores
  A faun (shapeshifter) (Depths:5)
  30 phantasmal warriors
  3 oklob plants (Zig:19)
  3 tengu skeletons
  29 harpies
  6 hellions
  A shadow dragon skeleton (Abyss:1)
  7 stone giant zombies
  A red wasp (shapeshifter) (Vaults:1)
  26 griffons
  A frost giant zombie (Vaults:4)
  8 iron dragon zombies
  2 shining eyes (shapeshifter)
  A manticore (shapeshifter) (WizLab)
  2 mana vipers (shapeshifter)
  19 shining eyes
  A mana viper (Zig:7)
  3 salamanders (Depths:5)
  2 fire giant zombies
  A moth of wrath (shapeshifter) (Zig:25)
  An iron dragon skeleton (Crypt:1)
  39 wolf spiders
  An elephant (shapeshifter) (WizLab)
  3 sphinx skeletons
  A fire giant skeleton (Abyss:1)
  9 moths of wrath
  2 frost giant skeletons
  3 worldbinders (Abyss:1)
  A salamander (shapeshifter) (Zig:20)
  9 black mambas
  3 black mambas (shapeshifter)
  3 spriggan zombies
  The ghost of Arvee the Ruffian, an experienced TrFi (D:5)
  12 sixfirhies
  9 cyclopes
  8 elephants
  5 fauns
  A drowned soul (Shoals:3)
  8 red wasps
  4 guardian serpents (shapeshifter)
  An item mimic (D:11)
  2 stone giant skeletons
  A queen ant (shapeshifter) (Zig:25)
  A mermaid (shapeshifter) (WizLab)
  12 mermaids
  15 smoke demons
  24 vault sentinels
  5 eyes of devastation
  2 gargoyles
  A naga mage (Zig:7)
  3 orange demons (Abyss:1)
  17 tormentors
  5 kobold demonologists
  A guardian serpent (Zig:7)
  36 spiny frogs
  27 apocalypse crabs
  27 iron devils
  5 orange crystal statues
  A feature mimic (Lair:2)
  A storm dragon simulacrum (Abyss:1)
  An emperor scorpion zombie (Tomb:2)
  4 yaktaur zombies
  A purple draconian zombie (Depths:5)
  An eye of devastation (shapeshifter) (Zig:17)
  2 elf skeletons (Zig:27)
  12 efreet
  A tengu conjurer (Depths:1)
  12 komodo dragons
  2 iron troll zombies
  An elf (shapeshifter) (Vaults:1)
  8 ancient zymes
  A fire drake (shapeshifter) (Depths:3)
  88 guardian mummies
  11 demonic crawlers
  49 yaktaurs
  9 fire drakes
  8 hellwings
  3 hell beasts
  A white draconian skeleton (Crypt:3)
  24 freezing wraiths
  2 centaur skeletons
  Grinder (D:3)
  A troll (shapeshifter) (Zig:19)
  5 polar bears
  A minotaur zombie (Crypt:3)
  A jumping spider (shapeshifter) (Zig:24)
  45 merfolk
  11 trolls
  13 deep elf priests
  A death drake zombie (Crypt:3)
  A hydra zombie (Tomb:1)
  6 blue devils
  8 raiju
  A tengu simulacrum (Vaults:2)
  3 wind drakes
  A silent spectre (Crypt:3)
  8 boulder beetles
  2 fire vortices (Zig:24)
  A harpy zombie (Tomb:1)
  Prince Ribbit (D:5)
  39 jumping spiders
  11 giant leeches
  2 wind drakes (shapeshifter)
  A baby alligator (shapeshifter) (Zig:20)
  4 giant fireflies
  A brown ooze (shapeshifter) (Vaults:4)
  A shadow dragon simulacrum (Zig:27)
  2 red devils
  2 hydra skeletons
  14 ravens
  88 slime creatures
  A fire dragon zombie (Crypt:1)
  A sphinx simulacrum (Vaults:3)
  21 two-headed ogres
  A red wasp zombie (Crypt:1)
  4 basilisks
  3 moth of wrath zombies
  2 snapping turtles (shapeshifter)
  12 elf zombies
  A griffon zombie (Vaults:3)
  16 blink frogs
  A formicid (shapeshifter) (Depths:2)
  2 spriggans (shapeshifter)
  11 snapping turtles
  An elf simulacrum (Zig:27)
  A basilisk (shapeshifter) (Vaults:3)
  2 bog bodies (Zig:21)
  40 deep elf magi
  17 water elementals
  A dragon skeleton (Crypt:2)
  17 ynoxinuls
  4 air elementals
  40 brown oozes
  2 ettin zombies
  28 vampires
  50 redbacks
  An ice dragon skeleton (Tomb:2)
  24 trapdoor spiders
  62 ugly things
  21 sharks
  86 starcursed masses
  2 elephant slugs
  An ettin skeleton (Crypt:3)
  26 flying skulls
  A satyr skeleton (Crypt:2)
  A tarantella (shapeshifter) (Zig:16)
  19 wraiths
  4 hogs (Shoals:3)
  A yak (shapeshifter) (Depths:4)
  18 shadows
  A hill giant zombie (D:9)
  7 spriggans
  26 tarantellas
  A wyvern (shapeshifter) (Zig:24)
  3 fire bats (Depths:5)
  Eustachio (D:4)
  A giant leech zombie (Crypt:1)
  12 golden eyes
  13 hippogriffs
  48 yaks
  32 deep elf fighters
  A yellow draconian simulacrum (Crypt:1)
  17 humans (D:13)
  An ugly thing skeleton (Crypt:1)
  3 wyverns
  2 yaktaur simulacra
  7 fire elementals
  A human (shapeshifter) (Zig:19)
  2 spatial vortices (Zig:24)
  A steam dragon (D:13)
  14 chaos spawn
  A raven zombie (Crypt:2)
  3 hill giant skeletons
  A death yak simulacrum (IceCv)
  32 small abominations
  Edmund (D:5)
  9 neqoxecs
  22 vampire mosquitoes
  A deep troll zombie (Vaults:5)
  5 wolves (Lair:8)
  5 hungry ghosts
  19 wargs
  A mottled dragon (Vaults:1)
  A spiny frog zombie (Crypt:3)
  2 nagas (Zig:7)
  2 soldier ants
  12 hell hounds
  A soldier ant (shapeshifter) (Vaults:3)
  A monstrous demonspawn skeleton (Crypt:2)
  46 spiders
  22 water moccasins
  6 swamp drakes
  A snapping turtle zombie (Crypt:3)
  13 ice beasts
  2 necrophages
  2 swamp dragon zombies
  A dwarf (shapeshifter) (D:14)
  An ogre (shapeshifter) (Zig:24)
  4 sky beasts
  An alligator simulacrum (Crypt:1)
  96 orc warriors
  3 yellow wasps
  50 ogres
  A spider (shapeshifter) (Zig:20)
  5 phantoms
  15 porcupines
  A crocodile (shapeshifter) (Zig:25)
  A sky beast (shapeshifter) (Zig:19)
  A tengu (shapeshifter) (Depths:3)
  20 centaurs
  7 boring beetles
  6 boggarts
  A boring beetle (shapeshifter) (Elf:3)
  A manticore skeleton (D:14)
  A snapping turtle skeleton (Crypt:3)
  A vampire mosquito zombie (Vaults:3)
  Sigmund (D:2)
  Duvessa (D:8)
  2 giant slugs (shapeshifter)
  A brain worm (shapeshifter) (Zig:17)
  36 giant frogs
  An apocalypse crab zombie (Zig:20)
  An octopode zombie (Crypt:1)
  8 giant slugs
  8 crocodiles
  3 big kobolds
  A fire drake skeleton (Crypt:3)
  Blork the orc (D:6)
  2 brain worms
  2 warg zombies (Zig:23)
  15 scorpions
  A cyclops skeleton (D:10)
  9 insubstantial wisps
  19 eyes of draining
  A troll zombie (D:9)
  A warg skeleton (Crypt:2)
  2 eyes of draining (shapeshifter)
  2 elephant simulacra (IceCv)
  A troll skeleton (Crypt:2)
  7 killer bees
  A raiju skeleton (Crypt:3)
  14 wights
  A giant frog zombie (D:11)
  6 crimson imps
  6 electric eels
  4 goliath beetles
  2 human simulacra
  Dowan (D:8)
  3 pulsating lumps
  2 centaur zombies
  A giant frog skeleton (Crypt:1)
  15 pulsating lumps (shapeshifter) (WizLab)
  10 quasits (Abyss:1)
  11 hounds
  11 human zombies
  35 jellies
  36 orc priests
  11 big fish
  Crazy Yiuf (D:5)
  3 draconian simulacra (IceCv)
  17 iron imps
  47 orc wizards
  A black bear skeleton (Crypt:3)
  A gnoll shaman (Orc:4)
  8 iguanas
  A lightning spire (Zig:11)
  An orange rat (Elf:3)
  A wolf simulacrum (IceCv)
  12 worker ants
  2 troll simulacra (IceCv)
  4 spriggan simulacra (IceCv)
  A mottled dragon zombie (D:15)
  2 ogre zombies (Zig:23)
  13 sheep
  Ijyb (D:2)
  Jessica (D:2)
  A centaur simulacrum (IceCv)
  A hound zombie (D:8)
  An ogre skeleton (Crypt:2)
  A hound skeleton (D:5)
  73 mummies
  A worker ant zombie (D:7)
  4 naga simulacra (IceCv)
  13 gnolls
  2 orc skeletons
  33 adders
  2 ogre simulacra (IceCv)
  4 shadow imps
  23 green rats
  An inept feature mimic (D:9)
  10 giant mites
  16 white imps
  An inept item mimic (D:3)
  7 worms
  20 ufetubi
  A sheep zombie (Orc:4)
  2 adder skeletons
  An adder zombie (D:6)
  A snake skeleton (Crypt:2)
  A giant eyeball (shapeshifter) (WizLab)
  4 giant eyeballs (WizLab)
  8 giant geckos
  8 oozes
  299 orcs
  24 bats
  2 bat skeletons
  3 giant cockroaches
  48 goblins
  A green rat zombie (Crypt:2)
  22 hobgoblins
  20 jackals
  10 quokkas
  A ball python skeleton (Crypt:3)
  9 giant newts
  3 giant spores
  8 goblin zombies
  A hobgoblin skeleton (Crypt:1)
  3 hobgoblin zombies
  50 kobolds
  A kobold zombie (D:2)
  70 orc zombies
  A quokka zombie (D:6)
  24 rats
  6 ballistomycetes
  A briar patch (Zig:21)
  3 fungi
  12 plants
  7 starspawn tentacles
4996 creatures vanquished.

Vanquished Creatures (others)
  A thorn hunter (Zig:21)
  2 hydras (Zig:24)
  A rakshasa (Vaults:2)
  A deep troll (Vaults:5)
  A harpy (Shoals:5)
  26 drowned souls
  A wind drake (Depths:5)
  A deep elf mage (Elf:2)
  A golden eye (Zig:24)
  A human (Shoals:3)
  A deep elf fighter (Elf:2)
  A vampire mosquito (Vaults:3)
  A water moccasin (Zig:21)
  4 ogres
  A snapping turtle zombie (Tomb:2)
  3 orc warriors (Zig:23)
  4 lost souls
  A jelly (D:6)
  A quasit (Abyss:1)
  A draconian simulacrum (IceCv)
  A gnoll shaman (D:9)
  2 centaur simulacra (IceCv)
  4 mummies (Tomb:2)
  3 gnolls (D:9)
  A naga simulacrum (IceCv)
  A shadow imp (D:6)
  An ufetubus (Abyss:1)
  4 orcs
  2 bats (D:6)
  A goblin (Zig:14)
  A giant spore (D:12)
  4 orc zombies
  A briar patch (Zig:21)
  14 fungi
  36 plants
  19 starspawn tentacles
  78 starspawn tentacle segments
227 creatures vanquished.

Grand Total: 5223 creatures vanquished

Notes
Turn   | Place    | Note
--------------------------------------------------------------
     0 | D:1      | Herrn, the Vine Stalker Monk, began the quest for the Orb.
     0 | D:1      | Reached XP level 1. HP: 11/11 MP: 1/1
   186 | D:1      | Reached XP level 2. HP: 14/16 MP: 3/3
   706 | D:2      | Reached XP level 3. HP: 19/19 MP: 4/4
   776 | D:2      | Noticed Ijyb
   794 | D:2      | Killed Ijyb
   813 | D:2      | Noticed Sigmund
   823 | D:2      | Killed Sigmund
   823 | D:2      | Reached XP level 4. HP: 8/24 MP: 5/5
   823 | D:2      | Reached XP level 5. HP: 9/28 MP: 7/7
   839 | D:2      | Reached skill level 5 in Unarmed Combat
  1018 | D:2      | Reached skill level 1 in Spellcasting
  1102 | D:2      | Found a glowing golden altar of the Shining One.
  1137 | D:2      | Found a burning altar of Makhleb.
  1137 | D:2      | Found a snail-covered altar of Cheibriados.
  1168 | D:2      | Noticed Jessica
  1174 | D:2      | Killed Jessica
  1174 | D:2      | Reached skill level 1 in Armour
  1177 | D:2      | Reached skill level 1 in Shields
  1529 | D:2      | Gained mutation: You heal very quickly. [vine stalker growth]
  1529 | D:2      | Reached XP level 6. HP: 30/33 MP: 10/10
  2639 | D:3      | Noticed Grinder
  2641 | D:3      | Paralysed by Grinder for 7 turns
  2678 | D:3      | Killed Grinder
  2678 | D:3      | Reached XP level 7. HP: 3/37 MP: 3/14
  3263 | D:4      | Reached skill level 6 in Unarmed Combat
  3281 | D:4      | Gained mutation: You have razor-sharp teeth. [vine stalker growth]
  3281 | D:4      | Reached XP level 8. HP: 35/42 MP: 18/18
  3553 | D:4      | Found a staircase to the Ecumenical Temple.
  3560 | Temple   | Entered the Ecumenical Temple
  3803 | D:4      | Found an iron altar of Okawaru.
  3807 | D:4      | Found a stormy altar of Qazlal.
  4054 | D:4      | Noticed Eustachio
  4151 | D:2      | Became a worshipper of Cheibriados the Contemplative
  4340 | D:4      | Killed Eustachio
  4395 | D:5      | Entered Level 5 of the Dungeon
  4405 | D:5      | Noticed Arvee's ghost (experienced TrFi)
  4420 | D:5      | Killed Arvee's ghost
  4420 | D:5      | Reached skill level 5 in Fighting
  4420 | D:5      | Reached skill level 7 in Unarmed Combat
  4420 | D:5      | Reached XP level 9. HP: 44/47 MP: 19/21
  4683 | D:5      | Reached skill level 5 in Dodging
  4751 | D:5      | Found a white marble altar of Elyvilon.
  4817 | D:5      | Noticed Crazy Yiuf
  4824 | D:5      | Killed Crazy Yiuf
  4892 | D:5      | Noticed Prince Ribbit
  4902 | D:5      | Killed Prince Ribbit
  4902 | D:5      | Acquired Cheibriados' first power
  5009 | D:5      | Found a glowing silver altar of Zin.
  5011 | D:5      | Noticed Edmund
  5076 | D:6      | Noticed Pikel
  5200 | D:6      | Killed Pikel
  5217 | D:6      | Reached skill level 5 in Spellcasting
  5276 | D:6      | Found an iron altar of Okawaru.
  5283 | D:6      | Got an encrusted spear
  5315 | D:6      | Noticed Blork the orc
  5320 | D:6      | Killed Blork the orc
  5326 | D:6      | Reached skill level 8 in Unarmed Combat
  5401 | D:6      | Reached XP level 10. HP: 50/53 MP: 22/24
  5764 | D:6      | Found a radiant altar of Vehumet.
  5764 | D:6      | Found a deep blue altar of Sif Muna.
  5868 | D:5      | Killed Edmund
  5905 | D:7      | Acquired Cheibriados' second power
  6656 | D:8      | Noticed Duvessa
  6656 | D:8      | Noticed Dowan
  6667 | D:8      | Killed Duvessa
  6678 | D:8      | Killed Dowan
  6748 | D:8      | Acquired Cheibriados' third power
  6815 | D:8      | Found a shattered altar of Ashenzari.
  7293 | D:8      | Found a staircase to the Lair.
  7425 | D:8      | Reached skill level 5 in Shields
  7769 | D:8      | Reached skill level 9 in Unarmed Combat
  7942 | D:9      | Found a staircase to the Orcish Mines.
  7944 | D:9      | the staircase to the Orcish Mines was a mimic.
  7995 | D:9      | Found a glowing golden altar of the Shining One.
  8391 | D:9      | Reached XP level 11. HP: 58/58 MP: 26/26
  8758 | D:10     | Entered Level 10 of the Dungeon
  8792 | D:10     | Noticed Erica
  8807 | D:10     | Killed Erica
  8968 | D:10     | Noticed an unseen horror
  8990 | D:10     | Killed an unseen horror
  9312 | D:11     | Noticed a hill giant
  9317 | D:11     | Killed a hill giant
  9357 | D:11     | Reached skill level 10 in Unarmed Combat
  9376 | D:11     | Found a frozen archway.
  9376 | D:11     | Noticed an ice statue
  9384 | D:11     | Killed an ice statue
  9427 | IceCv    | Entered an ice cave
  9769 | IceCv    | Noticed an ice statue
  9807 | IceCv    | Found an ancient bone altar of Kikubaaqudgha.
  9818 | IceCv    | Gained mutation: You regenerate. [vine stalker growth]
  9818 | IceCv    | Reached XP level 12. HP: 61/64 MP: 28/28
 10008 | IceCv    | Noticed a necromancer
 10033 | IceCv    | Killed a necromancer
 10130 | IceCv    | Killed an ice statue
 10260 | D:11     | Noticed a skeletal warrior
 10260 | D:11     | Noticed a skeletal warrior
 10274 | D:11     | Killed a skeletal warrior
 10280 | D:11     | Killed a skeletal warrior
 10308 | D:11     | Noticed a skeletal warrior
 10310 | D:11     | Noticed a skeletal warrior
 10322 | D:11     | Killed a skeletal warrior
 10331 | D:11     | Killed a skeletal warrior
 10331 | D:11     | Reached skill level 11 in Unarmed Combat
 10333 | D:11     | Noticed a hill giant
 10425 | D:11     | Noticed a skeletal warrior
 10432 | D:11     | Killed a skeletal warrior
 10451 | D:11     | Killed a hill giant
 10491 | D:11     | Noticed Nergalle
 10495 | D:11     | Killed Nergalle
 11640 | D:12     | Reached XP level 13. HP: 70/70 MP: 30/30
 11672 | D:12     | Found a staircase to the Orcish Mines.
 11923 | D:13     | Reached skill level 12 in Unarmed Combat
 12573 | Orc:1    | Entered Level 1 of the Orcish Mines
 12590 | Orc:1    | Noticed Erolcha
 12615 | Orc:1    | Killed Erolcha
 12627 | Orc:1    | Found a flagged portal.
 12632 | Bailey   | Entered a bailey
 12805 | Bailey   | Gained mutation: Your vision is a little blurry. [potion of mutation]
 12805 | Bailey   | Gained mutation: You are clumsy. (Dex -2) [potion of mutation]
 12806 | Bailey   | Lost mutation: You are clumsy. (Dex -2) [potion of cure mutation]
 12806 | Bailey   | Lost mutation: Your vision is a little blurry. [potion of cure mutation]
 12807 | Bailey   | Gained mutation: Your flesh is heat resistant. [potion of mutation]
 12807 | Bailey   | Gained mutation: You are weak. (Str -2) [potion of mutation]
 12848 | Bailey   | Learned a level 5 spell: Bolt of Magma
 13748 | Orc:3    | Found a roughly hewn altar of Beogh.
 13807 | Orc:3    | Found a staircase to the Elven Halls.
 14065 | Orc:3    | Reached skill level 1 in Earth Magic
 14373 | Orc:3    | You fall through a shaft!
 14373 | Orc:4    | Entered Level 4 of the Orcish Mines
 15049 | Orc:4    | Noticed an orc warlord
 15065 | Orc:3    | Killed an orc warlord
 15094 | Orc:4    | Found a roughly hewn altar of Beogh.
 15271 | Orc:4    | Found Xisamned's Antique Armour Emporium.
 15281 | Orc:4    | Bought a pair of glowing boots for 135 gold pieces
 15293 | Orc:4    | Found Nocoac's Jewellery Emporium.
 15315 | Orc:4    | Found Mehawaq's General Store.
 15322 | Orc:4    | Bought a +0 pair of gloves of dexterity for 161 gold pieces
 15336 | Orc:4    | Found Vaessun's Antique Weapon Emporium.
 15358 | Orc:4    | Reached XP level 14. HP: 76/76 MP: 32/32
 15822 | Orc:4    | Bought an uncursed ring of poison resistance for 300 gold pieces
 16067 | Lair:1   | Entered Level 1 of the Lair of Beasts
 16221 | Lair:1   | Reached skill level 10 in Fighting
 16534 | Lair:1   | Reached skill level 13 in Unarmed Combat
 16954 | Lair:2   | Learned a level 9 spell: Shatter
 16959 | Lair:2   | Learned a level 4 spell: Leda's Liquefaction
 16966 | Lair:2   | Learned a level 6 spell: Iron Shot
 17242 | Lair:2   | Identified a scroll of acquirement
 18687 | Lair:4   | Noticed ghwc's ghost (powerful TrIE)
 18696 | Lair:4   | Killed ghwc's ghost
 19601 | Lair:5   | Found a hole to the Spider Nest.
 19972 | Lair:5   | Reached skill level 10 in Dodging
 20860 | Lair:6   | Reached skill level 10 in Spellcasting
 20892 | Lair:6   | Got an ancient cloak
 20896 | Lair:6   | Identified the +0 cloak "Wangal" {rF+} (You found it on level 6 of the Lair of Beasts)
 20979 | Lair:6   | Found a staircase to the Shoals.
 21176 | Lair:7   | Reached XP level 15. HP: 46/81 MP: 34/34
 21404 | Lair:7   | Noticed Maud
 21414 | Lair:7   | Killed Maud
 21414 | Lair:7   | Reached skill level 5 in Earth Magic
 21677 | D:8      | Learned a level 5 spell: Phase Shift
 22275 | Lair:8   | Entered Level 8 of the Lair of Beasts
 22306 | Lair:8   | Reached skill level 14 in Unarmed Combat
 22306 | Lair:8   | Reached skill level 1 in Translocations
 23221 | Lair:8   | Found a staircase to the Slime Pits.
 24078 | Spider:1 | Entered Level 1 of the Spider Nest
 24168 | Spider:1 | Noticed Nessos
 24178 | Spider:1 | Killed Nessos
 24184 | Spider:1 | Got a colourful robe
 24185 | Spider:1 | Identified the cursed -2 robe "Crihak" {+Inv rN+ Dex+2 SInv Curse} (You found it on level 1 of the Spider Nest)
 24518 | Spider:1 | Reached skill level 1 in Evocations
 24773 | Spider:2 | Reached skill level 1 in Invocations
 25140 | Spider:2 | Reached XP level 16. HP: 69/87 MP: 26/35
 25456 | Spider:2 | Reached skill level 5 in Invocations
 25469 | Spider:2 | Noticed Roxanne
 25924 | Spider:2 | Killed Roxanne
 26116 | Spider:2 | Noticed Arachne
 26125 | Spider:2 | Killed Arachne
 27141 | Spider:4 | Reached skill level 10 in Shields
 27838 | D:13     | Found a gate to the Vaults.
 27838 | D:13     | Noticed a vault guard
 27838 | D:13     | Noticed a vault guard
 27838 | D:13     | Noticed a vault guard
 27838 | D:13     | Noticed a vault guard
 27856 | D:13     | Killed a vault guard
 27861 | D:13     | Killed a vault guard
 27865 | D:13     | Killed a vault guard
 27874 | D:13     | Killed a vault guard
 27874 | D:13     | Reached XP level 17. HP: 55/91 MP: 36/36
 27893 | D:13     | Learned a level 4 spell: Petrify
 28073 | D:13     | Noticed Harold
 28083 | D:13     | Killed Harold
 28324 | D:14     | Found a glowing silver altar of Zin.
 28634 | D:14     | Found Xeext's Magic Scroll Shoppe.
 28707 | D:14     | Reached skill level 10 in Invocations
 28908 | D:15     | Entered Level 15 of the Dungeon
 28961 | D:15     | Found a staircase to the Depths.
 28997 | D:15     | Found Zos Apats' Weapon Boutique.
 29355 | D:15     | Reached skill level 15 in Unarmed Combat
 29640 | Depths:1 | Entered Level 1 of the Depths
 29641 | Depths:1 | Found Kliceott's Weapon Boutique.
 30208 | Depths:1 | Reached skill level 5 in Translocations
 30288 | Depths:1 | Found a one-way gate leading to the halls of Pandemonium.
 30582 | Depths:1 | Reached XP level 18. HP: 85/98 MP: 37/37
 30820 | Depths:1 | Identified the Grimoire of the Compass
 31178 | Depths:1 | Found a one-way gate to the infinite horrors of the Abyss.
 31313 | Depths:1 | Found a gateway to Hell.
 31707 | Depths:1 | Learned a level 7 spell: Controlled Blink
 32541 | Depths:2 | Got a vibrating glass ring
 32556 | Depths:2 | Identified the ring "Chyiklo" {+/*Tele +Inv Dam+4 Stlth--} (You found it on level 2 of the Depths)
 32592 | Depths:2 | Reached skill level 16 in Unarmed Combat
 32597 | Depths:2 | Found a gateway to a ziggurat.
 32834 | Depths:2 | Reached XP level 19. HP: 102/102 MP: 38/38
 32974 | Depths:2 | Got a bloodstained mace
 33319 | Depths:3 | Noticed a golden dragon
 34057 | Spider:5 | Entered Level 5 of the Spider Nest
 34741 | Spider:5 | HP: 4/103 [emperor scorpion (6)]
 34921 | Spider:5 | Upgraded the game from 0.15-a0-1154-gddcb950 to 0.15-a0-1174-g8389a64
 35274 | Spider:5 | Got a gossamer rune of Zot
 35658 | Shoals:1 | Entered Level 1 of the Shoals
 35887 | Shoals:1 | Noticed Donald
 35899 | Shoals:1 | Killed Donald
 35930 | Shoals:1 | Identified the -1,+9 mace "Leviticus" {crush, rF+ Int+1} (You took it off a spriggan druid on level 2 of the Depths)
 36092 | Shoals:1 | Noticed Frances
 36101 | Shoals:1 | Killed Frances
 36101 | Shoals:1 | Reached XP level 20. HP: 109/109 MP: 38/38
 36500 | Shoals:2 | Found Kiaheidgh's Jewellery Emporium.
 36533 | Shoals:2 | Bought the ring "Prileru" {EV+3 Dex+5 Int+1} for 649 gold pieces
 37602 | Shoals:3 | Noticed Kirke
 37635 | Shoals:3 | Killed Kirke
 37635 | Shoals:3 | Reached skill level 5 in Armour
 37923 | Shoals:3 | Reached skill level 17 in Unarmed Combat
 38128 | Shoals:3 | Noticed Asterion
 38138 | Shoals:3 | Killed Asterion
 38379 | Shoals:3 | Noticed Polyphemus
 38426 | Shoals:3 | Killed Polyphemus
 38530 | Shoals:3 | Noticed Jorgrun
 38539 | Shoals:3 | Killed Jorgrun
 38640 | Shoals:3 | Reached skill level 10 in Earth Magic
 38916 | Shoals:4 | Found Stras' Antique Armour Emporium.
 39073 | Shoals:4 | Bought a pitted fire dragon armour for 1950 gold pieces
 39090 | Shoals:4 | Identified the +3 fire dragon armour of the Good {+Fly rF++ rC- Stlth+} (You bought it in a shop on level 4 of the Shoals)
 39730 | Shoals:5 | Entered Level 5 of the Shoals
 39971 | Shoals:5 | Got a fine platinum ring
 39973 | Shoals:5 | Identified the ring of Truth {Str-2 Int+1 Stlth+} (You found it on level 5 of the Shoals)
 40081 | Shoals:5 | Got a barnacled rune of Zot
 40327 | Shoals:5 | Reached XP level 21. HP: 103/114 MP: 39/39
 40356 | Shoals:5 | Noticed Ilsuiw
 40372 | Shoals:5 | Killed Ilsuiw
 40561 | Shoals:5 | Found Uskiuh's Antique Armour Shop.
 40577 | Shoals:5 | Bought a slimy leather armour for 231 gold pieces
 40577 | Shoals:5 | Bought a warped scale mail for 297 gold pieces
 40581 | Shoals:5 | Identified the cursed -2 leather armour of Sihah {Str+2 Dex+1} (You bought it in a shop on level 5 of the Shoals)
 40582 | Shoals:5 | Identified the +1 scale mail "Suanyn" {Str+3 Stlth+} (You bought it in a shop on level 5 of the Shoals)
 41780 | Elf:1    | Entered Level 1 of the Elven Halls
 42021 | Elf:1    | Found Ceasen's Antique Weapon Emporium.
 42734 | Elf:2    | Found Qaimmaq's Distillery.
 42841 | Elf:2    | Found Caozadogg's Weapon Emporium.
 43000 | Elf:2    | Found a portal to a secret trove of treasure.
 43108 | Elf:2    | Got a heavily runed leather armour
 43110 | Elf:2    | Identified the cursed +0 leather armour of Prudence {rN+} (You took it off a deep elf conjurer on level 2 of the Elven Halls)
 43620 | Lair:6   | Got a pitted cloak
 43624 | Lair:6   | Identified the +2 cloak of Idealism {Dex+1 Int+4 Curse} (You acquired it on level 6 of the Lair of Beasts)
 43847 | D:8      | Got a pair of polished gloves
 43851 | D:8      | Identified the +2 pair of gloves "Vyruyrann" {Str+4 Dex-5} (You acquired it on level 8 of the Dungeon)
 43852 | D:8      | Got a pair of heavily runed boots
 43856 | D:8      | Identified the -1 pair of boots of Misanthropy {Str+4} (You acquired it on level 8 of the Dungeon)
 43859 | D:8      | Lost mutation: Your flesh is heat resistant. [potion of mutation]
 43859 | D:8      | Gained mutation: You can breathe flames. [potion of mutation]
 43859 | D:8      | Gained mutation: You are very weak. (Str -4) [potion of mutation]
 43860 | D:8      | Gained mutation: You can spit poison. [potion of mutation]
 43860 | D:8      | Gained mutation: You tend to lose your temper in combat. [potion of mutation]
 43860 | D:8      | Lost mutation: You can breathe flames. [potion of mutation]
 43861 | D:8      | Gained mutation: Your magical capacity is low (-10% MP). [potion of mutation]
 43861 | D:8      | Gained mutation: You are frail (-10% HP). [potion of mutation]
 44187 | Elf:2    | Found Thais' Armour Emporium.
 44195 | Elf:2    | Bought the +0 cloak of Starlight {rElec rC+ EV+4 Stlth-} for 613 gold pieces
 44303 | Elf:2    | Found Homogac's Distillery.
 44451 | Elf:3    | Entered Level 3 of the Elven Halls
 45670 | Elf:3    | Reached skill level 18 in Unarmed Combat
 45791 | Elf:3    | Cast into the Abyss (deep elf demonologist)
 45791 | Abyss:1  | Found a corrupted altar of Lugonu.
 45974 | Abyss:1  | Reached skill level 10 in Translocations
 46013 | Abyss:1  | Reached XP level 22. HP: 103/107 MP: 36/36
 46791 | Abyss:1  | Found a corrupted altar of Lugonu.
 46819 | Abyss:1  | Found a corrupted altar of Lugonu.
 46901 | Abyss:1  | Got a flickering amethyst amulet
 46903 | Abyss:1  | Identified the amulet of the Lily {rCorr Dex+4 Int-2} (You found it on level 1 of the Abyss)
 47625 | Elf:3    | Escaped the Abyss
 47686 | Elf:3    | Cast into the Abyss (deep elf sorcerer)
 47729 | Elf:3    | Escaped the Abyss
 47785 | Elf:3    | Cast into the Abyss (deep elf demonologist)
 47794 | Elf:3    | Escaped the Abyss
 47890 | Elf:3    | Identified the Almanac of Dislocation (You found it on level 3 of the Elven Halls)
 48011 | Elf:3    | Got an encrusted scale mail
 48027 | Elf:3    | Identified the cursed -5 scale mail "Klaum" {Int+2 Acc+5 Dam-2} (You found it on level 3 of the Elven Halls)
 48353 | Elf:2    | Bought a potion of strong poison for 26 gold pieces
 48353 | Elf:2    | Bought a potion of experience for 650 gold pieces
 48358 | Elf:2    | Reached XP level 23. HP: 111/111 MP: 36/36
 48989 | Slime:1  | Entered Level 1 of the Pits of Slime
 49364 | Slime:5  | Reached XP level 24. HP: 116/116 MP: 36/36
 49375 | Slime:6  | Entered Level 6 of the Pits of Slime
 49435 | Slime:6  | Gained mutation: You are very frail (-20% HP). [a shining eye]
 49438 | Slime:6  | Found a viscous altar of Jiyva.
 49442 | Slime:6  | Noticed the royal jelly
 49478 | Slime:6  | Killed the royal jelly
 49594 | Slime:6  | Got a slimy silver ring
 49617 | Slime:6  | Got a slimy rune of Zot
 49632 | Slime:6  | Identified the ring "Deter" {rElec rF+ rN+ Acc+4} (You found it on level 6 of the Pits of Slime)
 49668 | Slime:6  | Got a fine steel ring
 49796 | Slime:6  | Identified the ring of Schotie {rPois rC- EV+2 Dex-3} (You found it on level 6 of the Pits of Slime)
 49826 | Slime:6  | Identified a +6 rod of destruction (11/11) (You found it on level 6 of the Pits of Slime)
 50490 | Slime:5  | Gained mutation: Your body is slowly deteriorating. [a shining eye]
 50581 | Slime:4  | Gained mutation: Your vision is a little blurry. [a shining eye]
 51581 | Slime:2  | Reached skill level 19 in Unarmed Combat
 52669 | Vaults:1 | Entered Level 1 of the Vaults
 52973 | Vaults:1 | Got a slimy robe
 52991 | Vaults:1 | Identified the cursed -5 robe of Hairiness {+Inv rElec Dam+4 SInv} (You found it on level 1 of the Vaults)
 53167 | Vaults:1 | Lost mutation: You tend to lose your temper in combat. [potion of mutation]
 53260 | Vaults:1 | Reached XP level 25. HP: 81/108 MP: 35/37
 54510 | Vaults:2 | Found Ymuc's Jewellery Boutique.
 54519 | Vaults:2 | Bought the cursed amulet "Trityixt" {Clar rF+ rC+ Stlth++} for 959 gold pieces
 54647 | Vaults:2 | Reached skill level 15 in Fighting
 54996 | Vaults:2 | Found Twoimuwa's Magic Scroll Emporium.
 55083 | Vaults:2 | Got an ancient silver ring
 56086 | Vaults:3 | Found a staircase to the Crypt.
 56145 | Vaults:3 | Reached skill level 20 in Unarmed Combat
 56803 | Vaults:4 | Identified the ring of the Harvest {AC+3 Acc+5} (You found it on level 2 of the Vaults)
 57324 | Vaults:4 | Found a staircase to the Hall of Blades.
 57356 | Vaults:4 | Reached skill level 15 in Shields
 57482 | Vaults:4 | Reached XP level 26. HP: 112/112 MP: 38/38
 57573 | Blade    | Entered the Hall of Blades
 58002 | Vaults:5 | Entered Level 5 of the Vaults
 58185 | Vaults:5 | Reached skill level 15 in Dodging
 58220 | Vaults:5 | Got a distressingly furry ring mail
 58238 | Vaults:5 | Got a silver rune of Zot
 58246 | Vaults:5 | Got a heavily runed ring mail
 58249 | Vaults:5 | Got a smoking steel ring
 58256 | Vaults:5 | Identified the +2 ring mail of the Pit {Str+4 Int+3 Acc-3} (You found it on level 5 of the Vaults)
 58258 | Vaults:5 | Identified the cursed +3 ring mail of Philately {rN+ SInv} (You took it off an orc warrior on level 5 of the Vaults)
 58271 | Vaults:5 | Learned a level 5 spell: Lee's Rapid Deconstruction
 58274 | Vaults:5 | Learned a level 2 spell: Stoneskin
 58278 | Vaults:5 | Learned a level 3 spell: Passwall
 58302 | Vaults:5 | Identified the ring of the Middle {rPois rC++ MP+9} (You found it on level 5 of the Vaults)
 58864 | Vaults:5 | Found Ehires' Magic Scroll Emporium.
 58959 | Vaults:5 | Found Feimeot's Food Boutique.
 58959 | Vaults:5 | Found Soqarram's Distillery.
 58971 | Vaults:5 | Bought a potion of cure mutation for 525 gold pieces
 58973 | Vaults:5 | Lost mutation: Your body is slowly deteriorating. [potion of cure mutation]
 58973 | Vaults:5 | Lost mutation: You can spit poison. [potion of cure mutation]
 58973 | Vaults:5 | Lost mutation: Your vision is a little blurry. [potion of cure mutation]
 58973 | Vaults:5 | Lost mutation: Your magical capacity is low (-10% MP). [potion of cure mutation]
 59015 | Vaults:5 | Found Ytrunink's Magic Scroll Emporium.
 59076 | Vaults:5 | Noticed an ancient lich
 59083 | Vaults:5 | Reached skill level 21 in Unarmed Combat
 59116 | Vaults:5 | Reached XP level 27. HP: 98/117 MP: 44/44
 59127 | Vaults:5 | Reached skill level 15 in Spellcasting
 59146 | Vaults:5 | Killed an ancient lich
 59544 | Vaults:5 | Lost mutation: You are very weak. (Str -4) [potion of cure mutation]
 59544 | Vaults:5 | Lost mutation: You are very frail (-20% HP). [potion of cure mutation]
 59544 | Vaults:5 | Lost mutation: You are frail (-10% HP). [potion of cure mutation]
 59544 | Vaults:5 | Lost mutation: You are weak. (Str -2) [potion of cure mutation]
 59640 | Vaults:5 | Identified the Papyrus of Shape Shifting and Stones
 60383 | Depths:3 | Noticed a lich
 60439 | Depths:3 | Killed a lich
 60533 | Depths:3 | Noticed a golden dragon
 60580 | Depths:3 | Killed a golden dragon
 60619 | Depths:3 | Killed a golden dragon
 61006 | Depths:3 | Noticed Norris
 61025 | Depths:3 | Killed Norris
 61326 | Depths:3 | Gained mutation: You tend to lose your temper in combat. [a cacodemon]
 61520 | Depths:4 | Upgraded the game from 0.15-a0-1174-g8389a64 to 0.15-a0-1206-g3bad1a6
 61864 | Depths:4 | Found a deep blue altar of Sif Muna.
 61865 | Depths:4 | Found a basalt altar of Yredelemnul.
 61865 | Depths:4 | Found a blossoming altar of Fedhas.
 62354 | Depths:4 | Identified Fegecun's Disquisition on Hexes and Heat (You found it on level 4 of the Depths)
 62487 | Depths:4 | Reached skill level 22 in Unarmed Combat
 63069 | Depths:5 | Entered Level 5 of the Depths
 63121 | Depths:5 | Noticed the Enchantress
 63280 | Depths:5 | Noticed Mennas
 63298 | Depths:5 | Killed Mennas
 63478 | Depths:5 | Killed the Enchantress
 63478 | Depths:5 | Reached skill level 15 in Earth Magic
 63493 | Depths:5 | Got a faerie dragon armour
 63570 | Depths:5 | Identified the +0 faerie dragon armour {rPois rN+} (You took it off the Enchantress on level 5 of the Depths)
 64001 | Depths:5 | Found a gate to the Realm of Zot.
 66335 | D:14     | Bought a scroll of enchant armour for 127 gold pieces
 66335 | D:14     | Bought a scroll of acquirement for 884 gold pieces
 66827 | Elf:2    | You paid a toll of a +5 ice dragon armour to enter a treasure trove
 66828 | Trove    | Entered a treasure trove
 66842 | Trove    | Got a pair of faintly glowing boots
 66844 | Trove    | Got a pair of ancient boots
 66861 | Trove    | Identified the +2 pair of boots of the Nightingale {Int+1} (You found it in a treasure trove)
 66864 | Trove    | Identified the +0 pair of boots of Bedevilment {Int+4 Dam+5} (You found it in a treasure trove)
 67262 | Zig:1    | Entered Level 1 of a ziggurat
 67276 | Zig:2    | Entered Level 2 of a ziggurat
 67300 | Zig:3    | Entered Level 3 of a ziggurat
 67347 | Zig:4    | Entered Level 4 of a ziggurat
 67434 | Zig:4    | Got a warped brass ring
 67436 | Zig:4    | Identified the ring of Xom's Ringing Laughter {Ice Str+4 Dex+1} (You found it on level 4 of a ziggurat)
 67448 | Zig:5    | Entered Level 5 of a ziggurat
 67523 | Zig:6    | Entered Level 6 of a ziggurat
 67588 | Zig:6    | Got a dazzling executioner's axe
 67595 | Zig:6    | Identified the +6,+2 executioner's axe "Xeehosch" {freeze, +Blink rElec MR+ Dex+2 SInv} (You found it on level 6 of a ziggurat)
 67616 | Zig:7    | Entered Level 7 of a ziggurat
 67707 | Zig:8    | Entered Level 8 of a ziggurat
 67973 | Zig:8    | Got a shimmering glass ring
 67977 | Zig:8    | Identified the ring "Xein" {Fire Str+3 Int+2} (You found it on level 8 of a ziggurat)
 68002 | Zig:9    | Entered Level 9 of a ziggurat
 68131 | Zig:9    | Got a smelly scale mail
 68133 | Zig:9    | Identified Sif Muna's Almanac of Enhancements and Displacement
 68155 | Zig:9    | Identified the cursed +0 scale mail of the Raven {Dex+1 Int-2} (You found it on level 9 of a ziggurat)
 68175 | Zig:10   | Entered Level 10 of a ziggurat
 68280 | Zig:10   | Identified Sif Muna's Volume of Execration and Darkness (You found it on level 10 of a ziggurat)
 68289 | Zig:11   | Entered Level 11 of a ziggurat
 68305 | Zig:11   | Noticed an ancient lich
 68305 | Zig:11   | Noticed an ancient lich
 68330 | Zig:11   | Killed an ancient lich
 68331 | Zig:11   | Gained mutation: Your vision is a little blurry. [a cacodemon]
 68334 | Zig:11   | Killed an ancient lich
 68344 | Zig:11   | Reached skill level 23 in Unarmed Combat
 68403 | Zig:11   | Gained mutation: Your system is resistant to poisons. [potion of mutation]
 68403 | Zig:11   | Gained mutation: You are covered in fur (AC +1). [potion of mutation]
 68403 | Zig:11   | Gained mutation: You are weak. (Str -2) [potion of mutation]
 68404 | Zig:11   | Lost mutation: Your vision is a little blurry. [potion of cure mutation]
 68404 | Zig:11   | Lost mutation: You are weak. (Str -2) [potion of cure mutation]
 68404 | Zig:11   | Lost mutation: You tend to lose your temper in combat. [potion of cure mutation]
 68404 | Zig:11   | Lost mutation: Your system is resistant to poisons. [potion of cure mutation]
 68404 | Zig:11   | Lost mutation: You are covered in fur (AC +1). [potion of cure mutation]
 68405 | Zig:11   | Gained mutation: You are agile. (Dex +2) [potion of mutation]
 68405 | Zig:11   | Gained mutation: You are robust (+10% HP). [potion of mutation]
 68405 | Zig:11   | Gained mutation: Armour fits poorly on your strangely shaped body. [potion of mutation]
 68406 | Zig:11   | Gained mutation: You can translocate small distances at will. [potion of mutation]
 68407 | Zig:11   | Lost mutation: You are robust (+10% HP). [potion of cure mutation]
 68407 | Zig:11   | Lost mutation: You are agile. (Dex +2) [potion of cure mutation]
 68407 | Zig:11   | Lost mutation: Armour fits poorly on your strangely shaped body. [potion of cure mutation]
 68407 | Zig:11   | Lost mutation: You can translocate small distances at will. [potion of cure mutation]
 68442 | Zig:12   | Entered Level 12 of a ziggurat
 68649 | Zig:12   | Got a distressingly furry scale mail
 68679 | Zig:12   | Identified the +5 scale mail of the Gloaming {Acc+6 Stlth--} (You found it on level 12 of a ziggurat)
 68691 | Zig:12   | Got a transparent scale mail
 68700 | Zig:12   | Identified the cursed -4 scale mail of Disguise {rPois rF+ MR+ Stlth-- Curse} (You found it on level 12 of a ziggurat)
 68728 | Zig:13   | Entered Level 13 of a ziggurat
 69071 | Zig:13   | Got a fine robe
 69089 | Zig:13   | Identified the +1 robe of Yhificwa {rN+} (You found it on level 13 of a ziggurat)
 69094 | Zig:14   | Entered Level 14 of a ziggurat
 69437 | Zig:15   | Entered Level 15 of a ziggurat
 69728 | Zig:15   | Got a steaming bronze ring
 69746 | Zig:15   | Got a sparkling jade ring
 69748 | Zig:15   | Got a smoking copper ring
 69752 | Zig:15   | Got a fine amber ring
 69757 | Zig:15   | Identified the ring "Wucrowang" {+Inv Int+2} (You found it on level 15 of a ziggurat)
 69761 | Zig:15   | Identified the ring of Cruclewu {+Fly MR++ Str+3} (You found it on level 15 of a ziggurat)
 69763 | Zig:15   | Identified the ring "Waeterur" {+Fly rF+ rC++} (You found it on level 15 of a ziggurat)
 69765 | Zig:15   | Identified the ring "Stall" {+cTele Str+4 Int-4} (You found it on level 15 of a ziggurat)
 69809 | Zig:16   | Entered Level 16 of a ziggurat
 69880 | Zig:16   | Paralysed by accursed screaming for 2 turns
 70134 | Zig:16   | Identified the Disquisition on the Icy Mountains
 70144 | Zig:16   | Identified the Guide on Ice (You found it on level 16 of a ziggurat)
 70207 | Zig:17   | Entered Level 17 of a ziggurat
 70392 | Zig:17   | Noticed Duekoir the pandemonium lord
 70392 | Zig:17   | Noticed Voacopur the pandemonium lord
 70394 | Zig:17   | Noticed Sionisk the pandemonium lord
 70396 | Zig:17   | Noticed Oshrunkua the pandemonium lord
 70401 | Zig:17   | Noticed Xiago the pandemonium lord
 70401 | Zig:17   | Killed Voacopur the pandemonium lord
 70404 | Zig:17   | Noticed Groacel the pandemonium lord
 70405 | Zig:17   | Noticed Rynahoge the pandemonium lord
 70406 | Zig:17   | Noticed Liogirgh the pandemonium lord
 70407 | Zig:17   | Killed Duekoir the pandemonium lord
 70410 | Zig:17   | Noticed Qukhlymm the pandemonium lord
 70421 | Zig:17   | Killed Rynahoge the pandemonium lord
 70426 | Zig:17   | Killed Xiago the pandemonium lord
 70430 | Zig:17   | Killed Groacel the pandemonium lord
 70437 | Zig:17   | Killed Oshrunkua the pandemonium lord
 70441 | Zig:17   | Killed Sionisk the pandemonium lord
 70441 | Zig:17   | Reached skill level 24 in Unarmed Combat
 70442 | Zig:17   | Noticed Reur the pandemonium lord
 70458 | Zig:17   | Killed Liogirgh the pandemonium lord
 70493 | Zig:17   | Killed Qukhlymm the pandemonium lord
 70508 | Zig:17   | Killed Reur the pandemonium lord
 70593 | Zig:17   | Identified Lehudib's Volume of the Shifting Rocks (You found it on level 17 of a ziggurat)
 70671 | Zig:17   | Got a brightly glowing leather armour
 70684 | Zig:17   | Identified the +1 leather armour of Defence {rC+ Acc-3 Dam+3} (You found it on level 17 of a ziggurat)
 70708 | Zig:18   | Entered Level 18 of a ziggurat
 70719 | Zig:18   | Noticed an orb of fire
 70732 | Zig:18   | Noticed an orb of fire
 70734 | Zig:18   | Gained mutation: You are weak. (Str -2) [an orb of fire]
 70738 | Zig:18   | Gained mutation: Your spells are a little harder to cast, but a little more powerful. [an orb of fire]
 70741 | Zig:18   | Noticed an orb of fire
 70744 | Zig:18   | Killed an orb of fire
 70749 | Zig:18   | Killed an orb of fire
 70762 | Zig:18   | Killed an orb of fire
 70853 | Zig:18   | Noticed an orb of fire
 70860 | Zig:18   | Killed an orb of fire
 70865 | Zig:18   | Noticed an orb of fire
 70872 | Zig:18   | Gained mutation: You are very weak. (Str -4) [an orb of fire]
 70874 | Zig:18   | Killed an orb of fire
 70960 | Zig:18   | Identified the Handbook of Enchantment and Clay (You found it on level 18 of a ziggurat)
 70977 | Zig:18   | Got a faintly glowing chain mail
 71016 | Zig:18   | Identified the +9 chain mail "Boji" {+Inv rElec SInv} (You found it on level 18 of a ziggurat)
 71039 | Zig:18   | Got a steaming leather armour
 71053 | Zig:18   | Identified the cursed -4 leather armour of the Dolphin {-Tele rF+ Str+1 Acc+6 Dam+2} (You found it on level 18 of a ziggurat)
 71075 | Zig:19   | Entered Level 19 of a ziggurat
 71134 | Zig:19   | Cast into the Abyss (apocalypse crab)
 71143 | Abyss:1  | Found a corrupted altar of Lugonu.
 71193 | Abyss:1  | Found a corrupted altar of Lugonu.
 71428 | Abyss:1  | Paralysed by you for 2 turns
 71472 | Abyss:1  | Found a shattered altar of Ashenzari.
 71883 | Abyss:1  | Noticed an ancient lich
 71885 | Abyss:1  | Found a stormy altar of Qazlal.
 71890 | Abyss:1  | Killed an ancient lich
 72086 | Abyss:1  | Paralysed by accursed screaming for 1 turns
 72090 | Abyss:1  | Paralysed by accursed screaming for 2 turns
 72114 | Abyss:1  | Found a corrupted altar of Lugonu.
 72240 | Abyss:1  | Found a corrupted altar of Lugonu.
 72320 | Abyss:1  | Reached skill level 25 in Unarmed Combat
 72408 | Zig:19   | Escaped the Abyss
 72408 | Zig:19   | Noticed Suvol the pandemonium lord
 72424 | Zig:19   | Noticed Crot the pandemonium lord
 72424 | Zig:19   | Noticed Apip the pandemonium lord
 72430 | Zig:19   | Noticed Clames the pandemonium lord
 72433 | Zig:19   | Noticed Nyleqor the pandemonium lord
 72438 | Zig:19   | Noticed Axobbaju the pandemonium lord
 72445 | Zig:19   | Killed Crot the pandemonium lord
 72532 | Zig:19   | Noticed Fyno the pandemonium lord
 72553 | Zig:19   | Killed Fyno the pandemonium lord
 72568 | Zig:19   | Killed Axobbaju the pandemonium lord
 72602 | Zig:19   | Killed Clames the pandemonium lord
 72614 | Zig:19   | Killed Suvol the pandemonium lord
 72691 | Zig:19   | Noticed Talasmel the pandemonium lord
 72701 | Zig:19   | Killed Nyleqor the pandemonium lord
 72704 | Zig:19   | Killed Apip the pandemonium lord
 72710 | Zig:19   | Killed Talasmel the pandemonium lord
 72949 | Zig:20   | Entered Level 20 of a ziggurat
 73007 | Zig:20   | Noticed Bewoclix the pandemonium lord
 73007 | Zig:20   | Noticed Thravy the pandemonium lord
 73008 | Zig:20   | Noticed Stushruza the pandemonium lord
 73009 | Zig:20   | Noticed Agoryost the pandemonium lord
 73022 | Zig:20   | Noticed Bicuxz Ryosa the pandemonium lord
 73034 | Zig:20   | Noticed Smaer the pandemonium lord
 73041 | Zig:20   | Noticed Zinughug the pandemonium lord
 73041 | Zig:20   | Killed Bicuxz Ryosa the pandemonium lord
 73043 | Zig:20   | Noticed Wiaffev the pandemonium lord
 73046 | Zig:20   | Killed Smaer the pandemonium lord
 73051 | Zig:20   | Killed Bewoclix the pandemonium lord
 73061 | Zig:20   | Killed Zinughug the pandemonium lord
 73079 | Zig:20   | Killed Wiaffev the pandemonium lord
 73085 | Zig:20   | Killed Agoryost the pandemonium lord
 73118 | Zig:20   | Killed Thravy the pandemonium lord
 73160 | Zig:20   | Killed Stushruza the pandemonium lord
 73237 | Zig:20   | Noticed Hyirchuj the pandemonium lord
 73244 | Zig:20   | Killed Hyirchuj the pandemonium lord
 73296 | Zig:20   | Identified Retoot's Catalogue of Feathers and Attacks
 73317 | Zig:20   | Got an ancient lapis lazuli ring
 73328 | Zig:20   | Identified the ring "Pumpout" {+Fly Dex+5} (You found it on level 20 of a ziggurat)
 73346 | Zig:20   | Identified a +2 rod of clouds (14/14) (You found it on level 20 of a ziggurat)
 73350 | Zig:21   | Entered Level 21 of a ziggurat
 73544 | Zig:21   | Reached skill level 26 in Unarmed Combat
 73582 | Zig:21   | Got a sparkling bone amulet
 73588 | Zig:21   | Identified Iczuca Plou's Collected Works on Earth
 73600 | Zig:21   | Got a twitching jade ring
 73603 | Zig:21   | Identified the ring of Conversion {MP+9 Acc+3} (You found it on level 21 of a ziggurat)
 73605 | Zig:21   | Identified the amulet "Trurchi" {rMut Str+3 Int+2} (You found it on level 21 of a ziggurat)
 73616 | Zig:21   | Identified the Tome of Noxious Sinister Arts
 73637 | Zig:21   | Identified the Guide on the Arsonist and Sinister Rituals (You found it on level 21 of a ziggurat)
 73648 | Zig:22   | Entered Level 22 of a ziggurat
 74036 | Zig:22   | Gained mutation: You are frail (-10% HP). [a shining eye]
 74149 | Zig:22   | Got a shimmering glass ring
 74177 | Zig:22   | Identified the ring "Epaab" {Ice Int+3 Dam+5} (You found it on level 22 of a ziggurat)
 74184 | Zig:22   | Got a polished scale mail
 74184 | Zig:22   | Got a flickering copper amulet
 74184 | Zig:22   | Got a steaming platinum ring
 74201 | Zig:22   | Identified the cursed -1 scale mail "Reimpo Carapt" {+Blink +Fly Dex+1 Stlth+} (You found it on level 22 of a ziggurat)
 74201 | Zig:22   | Identified the ring "Skajuz" {+Fly Str+3 Dex+2} (You found it on level 22 of a ziggurat)
 74203 | Zig:22   | Identified the amulet of Eloaju {rMut Str-4 Dex-3} (You found it on level 22 of a ziggurat)
 74231 | Zig:22   | Lost mutation: You are frail (-10% HP). [potion of cure mutation]
 74231 | Zig:22   | Lost mutation: You are very weak. (Str -4) [potion of cure mutation]
 74231 | Zig:22   | Lost mutation: You are weak. (Str -2) [potion of cure mutation]
 74231 | Zig:22   | Lost mutation: Your spells are a little harder to cast, but a little more powerful. [potion of cure mutation]
 74255 | Zig:22   | Identified the Volume of Attacks and Displacement (You found it on level 22 of a ziggurat)
 74255 | Zig:22   | Identified Kusasaex's Almanac of Orientation (You found it on level 22 of a ziggurat)
 74266 | Zig:22   | Learned a level 8 spell: Disjunction
 74272 | Zig:23   | Entered Level 23 of a ziggurat
 74814 | Zig:23   | Identified Ozocubu's Tome of Snow
 74846 | Zig:23   | Got a slimy robe
 74881 | Zig:23   | Identified the +0 robe of Teys {Stlth--} (You found it on level 23 of a ziggurat)
 74883 | Zig:23   | Upgraded the game from 0.15-a0-1206-g3bad1a6 to 0.15-a0-1224-g3833f9c
 74884 | Zig:24   | Entered Level 24 of a ziggurat
 74908 | Zig:24   | Noticed Yrupny the pandemonium lord
 74915 | Zig:24   | Noticed Civvuumo the pandemonium lord
 74918 | Zig:24   | Killed Yrupny the pandemonium lord
 74922 | Zig:24   | Killed Civvuumo the pandemonium lord
 74923 | Zig:24   | Noticed Yrijorun the pandemonium lord
 74937 | Zig:24   | Noticed Croleoph the pandemonium lord
 74942 | Zig:24   | Killed Yrijorun the pandemonium lord
 74946 | Zig:24   | Killed Croleoph the pandemonium lord
 74949 | Zig:24   | Noticed Boucs the pandemonium lord
 74966 | Zig:24   | Killed Boucs the pandemonium lord
 74981 | Zig:24   | Paralysed by you for 6 turns
 74988 | Zig:24   | Noticed Gholitz the pandemonium lord
 74998 | Zig:24   | Killed Gholitz the pandemonium lord
 75006 | Zig:24   | Noticed Poz Qucoja the pandemonium lord
 75015 | Zig:24   | Gained mutation: Your skin changes colour to match your surroundings (Stealth). [mutagenic glow]
 75020 | Zig:24   | Killed Poz Qucoja the pandemonium lord
 75023 | Zig:24   | Noticed Scharempujush the pandemonium lord
 75033 | Zig:24   | Killed Scharempujush the pandemonium lord
 75033 | Zig:24   | Reached skill level 27 in Unarmed Combat
 75036 | Zig:24   | Noticed Ihosuuja the pandemonium lord
 75046 | Zig:24   | Killed Ihosuuja the pandemonium lord
 75052 | Zig:24   | Noticed Skaex the pandemonium lord
 75069 | Zig:24   | Noticed Tweebeli the pandemonium lord
 75075 | Zig:24   | Killed Skaex the pandemonium lord
 75087 | Zig:24   | Killed Tweebeli the pandemonium lord
 75088 | Zig:24   | Noticed Lerov the pandemonium lord
 75097 | Zig:24   | Killed Lerov the pandemonium lord
 75134 | Zig:24   | Noticed Yfohu the pandemonium lord
 75148 | Zig:24   | Killed Yfohu the pandemonium lord
 75239 | Zig:24   | Noticed Yrghulio the pandemonium lord
 75247 | Zig:24   | Killed Yrghulio the pandemonium lord
 75358 | Zig:24   | Noticed Orihol the pandemonium lord
 75371 | Zig:24   | Killed Orihol the pandemonium lord
 75373 | Zig:24   | Noticed Wuuk the pandemonium lord
 75382 | Zig:24   | Killed Wuuk the pandemonium lord
 75383 | Zig:24   | Noticed Bibroer the pandemonium lord
 75391 | Zig:24   | Paralysed by a giant eyeball for 2 turns
 75398 | Zig:24   | Killed Bibroer the pandemonium lord
 75502 | Zig:24   | Got a fine dire flail
 75513 | Zig:24   | Identified the cursed -2,+3 dire flail of Ymodghu {crush, rC+ Dex+2 Int+2} (You found it on level 24 of a ziggurat)
 75563 | Zig:24   | Got a glittering crystal amulet
 75566 | Zig:24   | Got a fine pewter ring
 75568 | Zig:24   | Identified the ring of Qiwnynis {+Inv rN+} (You found it on level 24 of a ziggurat)
 75570 | Zig:24   | Identified the amulet "Zeusm" {+Rage Str+4 Int+2} (You found it on level 24 of a ziggurat)
 75578 | Zig:24   | Got a shimmering lajatang
 75583 | Zig:24   | Identified the +4,+9 lajatang "Jieticeu" {slice, Str+4} (You found it on level 24 of a ziggurat)
 75587 | Zig:25   | Entered Level 25 of a ziggurat
 75603 | Zig:25   | Noticed Wiofuit the pandemonium lord
 75626 | Zig:25   | Killed Wiofuit the pandemonium lord
 75664 | Zig:25   | Noticed Ucetanet the pandemonium lord
 75668 | Zig:25   | Killed Ucetanet the pandemonium lord
 75673 | Zig:25   | Noticed Phacynom the pandemonium lord
 75680 | Zig:25   | Noticed Cryixaj the pandemonium lord
 75680 | Zig:25   | Killed Phacynom the pandemonium lord
 75683 | Zig:25   | Noticed Qyeskesu the pandemonium lord
 75687 | Zig:25   | Killed Cryixaj the pandemonium lord
 75697 | Zig:25   | Killed Qyeskesu the pandemonium lord
 75699 | Zig:25   | Noticed Notomut the pandemonium lord
 75705 | Zig:25   | Killed Notomut the pandemonium lord
 75729 | Zig:25   | Noticed Skeac the pandemonium lord
 75743 | Zig:25   | Killed Skeac the pandemonium lord
 75815 | Zig:25   | Noticed Tyekk the pandemonium lord
 75832 | Zig:25   | Killed Tyekk the pandemonium lord
 75854 | Zig:25   | Noticed Thuykhan the pandemonium lord
 75861 | Zig:25   | Killed Thuykhan the pandemonium lord
 75916 | Zig:25   | Noticed Striv the pandemonium lord
 75934 | Zig:25   | Killed Striv the pandemonium lord
 75944 | Zig:25   | Noticed Tenko the pandemonium lord
 75952 | Zig:25   | Killed Tenko the pandemonium lord
 75954 | Zig:25   | Noticed Vuedoor the pandemonium lord
 75967 | Zig:25   | Killed Vuedoor the pandemonium lord
 76154 | Zig:25   | Got an encrusted ring mail
 76180 | Zig:25   | Identified the +9 ring mail "Zosurph" {rElec} (You found it on level 25 of a ziggurat)
 76198 | Zig:25   | Got a pitted bronze ring
 76222 | Zig:25   | Identified the ring "Froe" {Dex+1 Int+3 Stlth+} (You found it on level 25 of a ziggurat)
 76244 | Zig:25   | Identified the Handbook of Cold (You found it on level 25 of a ziggurat)
 76252 | Zig:25   | Got a pitted leather armour
 76260 | Zig:25   | Identified the +1 leather armour "Myrasit" {Str-5 Int-2} (You found it on level 25 of a ziggurat)
 76275 | Zig:26   | Entered Level 26 of a ziggurat
 77213 | Zig:26   | Got a crude jade amulet
 77253 | Zig:26   | Identified the amulet "Amuoho" {rMut rC+ Str+3 Int+2} (You found it on level 26 of a ziggurat)
 77281 | Zig:27   | Entered Level 27 of a ziggurat
 78130 | Zig:27   | Got a smoking robe
 78212 | Zig:27   | Identified the Papyrus of Attacks (You found it on level 27 of a ziggurat)
 78230 | Zig:27   | Identified the Grimoire of Self-Knowledge and the Birds
 78273 | Zig:27   | Got a faintly glowing bastard sword
 78274 | Zig:27   | Identified the +4,+1 bastard sword of Awoam {antimagic, rC- Dex+4 Int+3} (You found it on level 27 of a ziggurat)
 78276 | Zig:27   | Identified the cursed +0 robe of the Country {+Blink rF++ Dex+4} (You found it on level 27 of a ziggurat)
 78600 | Crypt:1  | Entered Level 1 of the Crypt
 79741 | Crypt:2  | Found a magical portal.
 79763 | WizLab   | Entered Cigotuvi's Fleshworks
 80041 | WizLab   | Identified the Reference Book on Transmutation (You found it in a wizard's laboratory)
 80045 | WizLab   | Identified Cigotuvi's Compendium of Dusty Transmutation (You found it in a wizard's laboratory)
 80114 | WizLab   | Paralysed by a giant eyeball for 3 turns
 80123 | WizLab   | Gained mutation: Armour fits poorly on your strangely shaped body. [a shining eye]
 80126 | WizLab   | Gained mutation: Your vision is a little blurry. [mutagenic cloud]
 80136 | WizLab   | Gained mutation: Your magical capacity is low (-10% MP). [mutagenic cloud]
 80137 | WizLab   | Gained mutation: You are frail (-10% HP). [mutagenic cloud]
 80141 | WizLab   | Gained mutation: You tend to lose your temper in combat. [mutagenic cloud]
 80142 | WizLab   | Gained mutation: You often lose your temper in combat. [mutagenic cloud]
 80232 | WizLab   | Paralysed by a giant eyeball for 3 turns
 80238 | WizLab   | Paralysed by a giant eyeball for 2 turns
 80245 | WizLab   | Paralysed by a giant eyeball for 4 turns
 80254 | WizLab   | Paralysed by a giant eyeball for 2 turns
 80267 | WizLab   | Paralysed by a giant eyeball for 4 turns
 80271 | WizLab   | Gained mutation: Your magical capacity is very low (-20% MP). [pulsating lump's mutagenic touch]
 80327 | WizLab   | Got a steaming silver amulet
 80471 | WizLab   | Gained mutation: You occasionally shout uncontrollably at your foes. [mutagenic cloud]
 80473 | WizLab   | Gained mutation: You have a fast metabolism. [mutagenic cloud]
 80477 | WizLab   | Gained mutation: You are weak. (Str -2) [mutagenic cloud]
 80480 | WizLab   | Gained mutation: Your magical capacity is extremely low (-30% MP). [mutagenic cloud]
 80481 | WizLab   | Gained mutation: Your body is slowly deteriorating. [mutagenic cloud]
 80482 | WizLab   | Gained mutation: Your vision is quite blurry. [mutagenic cloud]
 80483 | WizLab   | Gained mutation: You have a very fast metabolism. [mutagenic cloud]
 80533 | Crypt:2  | Lost mutation: Your body is slowly deteriorating. [potion of cure mutation]
 80533 | Crypt:2  | Lost mutation: You are frail (-10% HP). [potion of cure mutation]
 80533 | Crypt:2  | Lost mutation: You have a very fast metabolism. [potion of cure mutation]
 80533 | Crypt:2  | Lost mutation: Your magical capacity is extremely low (-30% MP). [potion of cure mutation]
 80534 | Crypt:2  | Lost mutation: You occasionally shout uncontrollably at your foes. [potion of cure mutation]
 80534 | Crypt:2  | Lost mutation: Armour fits poorly on your strangely shaped body. [potion of cure mutation]
 80534 | Crypt:2  | Lost mutation: Your magical capacity is very low (-20% MP). [potion of cure mutation]
 80534 | Crypt:2  | Lost mutation: Your magical capacity is low (-10% MP). [potion of cure mutation]
 80534 | Crypt:2  | Lost mutation: You are weak. (Str -2) [potion of cure mutation]
 80534 | Crypt:2  | Lost mutation: You often lose your temper in combat. [potion of cure mutation]
 80535 | Crypt:2  | Lost mutation: You have a fast metabolism. [potion of cure mutation]
 80535 | Crypt:2  | Lost mutation: Your vision is quite blurry. [potion of cure mutation]
 80535 | Crypt:2  | Lost mutation: Your skin changes colour to match your surroundings (Stealth). [potion of cure mutation]
 80536 | Crypt:2  | Lost mutation: You tend to lose your temper in combat. [potion of cure mutation]
 80536 | Crypt:2  | Lost mutation: Your vision is a little blurry. [potion of cure mutation]
 80537 | Crypt:2  | Gained mutation: Your muscles are strong. (Str +2) [potion of mutation]
 80537 | Crypt:2  | Gained mutation: You are partially covered in rugged brown scales (AC +1, +3% HP). [potion of mutation]
 80537 | Crypt:2  | Gained mutation: Your spells are a little harder to cast, but a little more powerful. [potion of mutation]
 80538 | Crypt:2  | Gained mutation: You possess an exceptional clarity of mind. [potion of mutation]
 80539 | Crypt:2  | Lost mutation: Your spells are a little harder to cast, but a little more powerful. [potion of mutation]
 80539 | Crypt:2  | Gained mutation: You occasionally shout uncontrollably at your foes. [potion of mutation]
 80539 | Crypt:2  | Gained mutation: Your body is slowly deteriorating. [potion of mutation]
 80540 | Crypt:2  | Gained mutation: You can spit poison. [potion of mutation]
 80541 | Crypt:2  | Lost mutation: Your body is slowly deteriorating. [potion of mutation]
 80541 | Crypt:2  | Gained mutation: You are surrounded by a mild repulsion field (EV +2). [potion of mutation]
 80541 | Crypt:2  | Gained mutation: Your vision is a little blurry. [potion of mutation]
 80549 | Crypt:2  | Lost mutation: You are partially covered in rugged brown scales (AC +1, +3% HP). [potion of mutation]
 80549 | Crypt:2  | Gained mutation: You are frail (-10% HP). [potion of mutation]
 80550 | Crypt:2  | Gained mutation: You tend to lose your temper in combat. [potion of mutation]
 80550 | Crypt:2  | Lost mutation: Your vision is a little blurry. [potion of mutation]
 80551 | Crypt:2  | Gained mutation: You passively map a small area around you. [potion of mutation]
 80551 | Crypt:2  | Lost mutation: Your muscles are strong. (Str +2) [potion of mutation]
 80552 | Crypt:2  | Lost mutation: You are frail (-10% HP). [potion of cure mutation]
 80552 | Crypt:2  | Lost mutation: You can spit poison. [potion of cure mutation]
 80552 | Crypt:2  | Lost mutation: You occasionally shout uncontrollably at your foes. [potion of cure mutation]
 80552 | Crypt:2  | Lost mutation: You tend to lose your temper in combat. [potion of cure mutation]
 80553 | Crypt:2  | Gained mutation: You are robust (+10% HP). [potion of beneficial mutation]
 80554 | Crypt:2  | Gained mutation: You are very robust (+20% HP). [potion of beneficial mutation]
 80555 | Crypt:2  | Gained mutation: You are extremely robust (+30% HP). [potion of beneficial mutation]
 80556 | Crypt:2  | Gained mutation: Your muscles are strong. (Str +2) [potion of beneficial mutation]
 80557 | Crypt:2  | Gained mutation: Your spells are a little harder to cast, but a little more powerful. [potion of beneficial mutation]
 80558 | Crypt:2  | Identified the amulet "Saces" {rMut Dam-2} (You found it in a wizard's laboratory)
 80863 | Crypt:2  | Found a corrupted altar of Lugonu.
 80898 | Crypt:2  | Got a crude robe
 81275 | Crypt:3  | Entered Level 3 of the Crypt
 81544 | Crypt:3  | Found a burning altar of Makhleb.
 81675 | Crypt:3  | Identified Khufu's Incunabulum of Sinister Magic
 81869 | Crypt:3  | Found a staircase to the Tomb.
 82350 | Crypt:3  | Paralysed by a vampire knight for 4 turns
 82702 | Crypt:3  | Identified the cursed +4 robe "Zeagheg" {Str-3 Int+2} (You found it on level 2 of the Crypt)
 82746 | Tomb:1   | Entered Level 1 of the Tomb of the Ancients
 83220 | Tomb:1   | Noticed an ancient lich
 83231 | Tomb:1   | Killed an ancient lich
 83394 | Tomb:1   | Got a shimmering sapphire amulet
 83594 | Tomb:1   | Identified the cursed amulet "Dinumal" {+Rage Str+4 Dex+2 Int+3} (You took it off a guardian mummy on level 1 of the Tomb of the Ancients)
 83846 | Tomb:2   | Noticed Jory
 83922 | Tomb:2   | Gained mutation: You are dopey. (Int -2) [the power of Zot]
 84163 | Tomb:2   | Killed Jory
 84523 | Tomb:1   | Lost mutation: Your muscles are strong. (Str +2) [a neqoxec]
 84656 | Tomb:1   | HP: 9/221 [greater mummy/divine providence (4)]
 84656 | Tomb:1   | HP: 2/221 [greater mummy/divine providence (7)]
 84661 | Tomb:1   | Killed from afar by a greater mummy

Action                   |  1- 3 |  4- 6 |  7- 9 | 10-12 | 13-15 | 16-18 | 19-21 | 22-24 | 25-27 || total
-------------------------+-------+-------+-------+-------+-------+-------+-------+-------+-------++-------
Melee: Unarmed           |    85 |   195 |   296 |   663 |  1478 |  1240 |  1440 |   998 |  5817 || 12212
 Cast: Phase Shift       |       |       |       |       |       |     3 |     4 |     3 |    14 ||    24
       Petrify           |       |       |       |       |       |       |       |     1 |       ||     1
       Stoneskin         |       |       |       |       |       |       |       |       |     7 ||     7
       Leda's Liquefacti |       |       |       |       |       |       |       |       |     1 ||     1
Invok: Temporal Distorti |       |       |       |       |     1 |     3 |    10 |       |     5 ||    19
       Bend Time         |       |       |       |       |       |     7 |     1 |       |     1 ||     9
       Step From Time    |       |       |       |       |       |       |       |       |     4 ||     4
       Slouch            |       |       |       |       |       |       |       |       |     1 ||     1
 Abil: Evoke Flight      |       |       |       |       |     2 |       |       |       |       ||     2
Evoke: Wand              |       |       |       |    15 |    12 |    10 |    18 |     5 |    13 ||    73
       Deck              |       |       |       |       |    10 |       |       |     1 |       ||    11
  Use: Scroll            |     2 |     7 |     4 |    10 |    13 |    10 |    14 |     8 |    69 ||   137
       Potion            |     2 |       |     2 |       |    10 |     3 |     4 |     6 |    37 ||    64
 Stab: Sleeping          |     3 |     3 |     8 |    18 |    39 |    13 |    10 |     3 |    37 ||   134
       Held in net/web   |       |       |     1 |       |       |       |     1 |       |     1 ||     3
       Distracted        |       |       |       |     3 |     5 |     2 |     4 |     3 |    22 ||    39
       Invisible         |       |       |       |       |       |     1 |       |       |     6 ||     7
       Confused          |       |       |       |       |       |       |       |       |     3 ||     3
       Petrified         |       |       |       |       |       |       |       |       |     3 ||     3
       Paralysed         |       |       |       |       |       |       |       |       |     3 ||     3
